 Dungeon Crawl Stone Soup version 0.28-a0-1233-g92def6ad0a (webtiles) character file.

Game seed: 72601282008588104

393 Lekart the Skirmisher (level 6, -3/79 HPs)
             Began as a Draconian Chaos Knight on Dec 23, 2021.
             Was a Plaything of Xom.
             Slain by an unseen horror (8 damage)
             ... on level 5 of the Dungeon.
             The game lasted 00:06:58 (4237 turns).

Lekart the Skirmisher (Draconian Chaos Knight)      Turns: 4237, Time: 00:06:58

Health: -3/79      AC:  7    Str: 14    XL:     6   Next: 51%
Magic:  6/6        EV: 14    Int: 13    God:    Xom [*.....]
Gold:   208        SH:  0    Dex: 18    Spells: 5/5 levels left

rFire   . . .      SeeInvis .   i - +3 whip (elec)
rCold   . . .      Faith    .   (no shield)
rNeg    . . .      Spirit   .   (armour unavailable)
rPois   .          Reflect  .   (helmet restricted)
rElec   .          Harm     .   (no cloak)
rCorr   .          Rampage  .   d - +0 pair of gloves
Will    .....                   (no boots)
Stlth   ..........              (no amulet)
HPRegen 0.23/turn               c - +6 ring of dexterity
MPRegen 0.10/turn               (no ring)

@: berserking (expiring), very quick
A: AC +6, unfitting armour, cold-blooded
a: Renounce Religion


You were on level 5 of the Dungeon.
You worshipped Xom.
You were a special plaything of Xom.
You visited 1 branch of the dungeon, and saw 5 of its levels.

You collected 208 gold pieces.

Inventory:

Hand Weapons
 a - a +0 hand axe of chaos
 i - a +3 whip of electrocution (weapon)
Missiles
 f - 4 javelins (quivered)
Armour
 d - a +0 pair of gloves (worn)
Jewellery
 c - a +6 ring of dexterity (left hand)
Scrolls
 e - a scroll of teleportation
 k - 3 scrolls of identify
Potions
 b - 2 potions of flight
 g - 3 potions of mutation
 n - a potion of cancellation


   Skills:
 + Level 4.7 Fighting
 + Level 4.2(4.6) Axes
 + Level 2.5(3.7) Maces & Flails
 + Level 1.9 Throwing
 + Level 3.8 Dodging


You had 5 spell levels left.
You didn't know any spells.
Your spell library contained the following spells:

 Spells                   Type           Power      Damage    Failure   Level
 Magic Dart               Conj           0%         1d3       30%         1
 Shock                    Conj/Air       0%         1d3       30%         1
 Searing Ray              Conj           0%         2d4       43%         2
 Swiftness                Air            0%         N/A       67%         3
 Airstrike                Air            0%         N/A       97%         4
 Fulminant Prism          Conj/Hex       0%         3d6       97%         4
 Dispersal                Tloc           0%         N/A       100%        6
 Disjunction              Tloc           0%         N/A       100%        8


Dungeon Overview and Level Annotations

Branches:
Dungeon (5/15)
 Temple: D:4-7

Altars:
Xom


Innate Abilities, Weirdness & Mutations

Your plain brown scales are hard. (AC +6)
You cannot fit into any form of body armour.
You are cold-blooded and may be slowed by cold attacks.


Message History

Your surroundings suddenly seem different.
An adder and a worm come into view.
Found an escape hatch in the floor.
Your surroundings suddenly seem different.
Found 14 gold pieces and a ring mail.
You are now a special plaything of Xom.
The worm moves out of view.
The adder moves out of view.
Unknown command.
Unknown command.
Deactivating autopickup; reactivate with Ctrl-A.
You hit something. Something hits you. x2
There is a strange disturbance nearby!
There is a strange disturbance nearby!
No target in view!
Okay, then.
Something hits you but does no damage.
You hit something. Something hits you. x2
Something hits you.
Unknown command.
Something hits you. x2
Something hits you!
You see here 14 gold pieces.
Something hits you but does no damage. Something hits you.
You see here 14 gold pieces.
Something hits you!
* * * LOW HITPOINT WARNING * * *
Something hits you!
* * * LOW HITPOINT WARNING * * *
Something hits you but does no damage.
A red film seems to cover your vision as you go berserk!
You feel yourself moving faster!
You feel mighty! Something hits you.
* * * LOW HITPOINT WARNING * * *
You feel a strong urge to attack something.
Something hits you.
* * * LOW HITPOINT WARNING * * *
You see here 14 gold pieces.
You feel your anger nearly subside. Something hits you!
You die...

### #..
#.# #.#
#.# #.#
#.#
#@#####.##
#........#
#$#####.#.
#.# #[#
#.# #..
#.# #.#


There were no monsters in sight!

Vanquished Creatures
  2 orc priests (D:4)
  3 hounds
  3 orc wizards (D:3)
  A hound skeleton (D:4)
  5 adders
  3 worms (D:3)
  10 orcs
  7 ball pythons
  6 bats
  5 endoplasms
  A giant cockroach (D:4)
  5 goblins
  15 hobgoblins
  4 jackals (D:2)
  8 kobolds
  3 quokkas
  3 frilled lizards
  7 rats
91 creatures vanquished.

Vanquished Creatures (others)
  A plant (D:3)
1 creature vanquished.

Grand Total: 92 creatures vanquished

Notes
Turn   | Place    | Note
-------+----------+-------------------------------------------
     0 | D:1      | Lekart the Draconian Chaos Knight began the quest for the
                  | Orb.
     0 | D:1      | Reached XP level 1. HP: 19/19 MP: 1/1
    14 | D:1      | XOM: silly message
   319 | D:1      | Reached XP level 2. HP: 20/26 MP: 2/2
  1271 | D:2      | Found a faded altar of an unknown god.
  1274 | D:2      | XOM: divination: detect creatures
  1382 | D:2      | Reached XP level 3. HP: 23/33 MP: 3/3
  1805 | D:2      | XOM: scenery: create altars
  2133 | D:3      | Reached XP level 4. HP: 31/40 MP: 4/4
  2157 | D:3      | XOM: silly message
  2235 | D:3      | XOM: silly message
  2375 | D:3      | XOM: smoke on damage
  2408 | D:3      | XOM: silly message
  2923 | D:3      | XOM: potion effect (might)
  2929 | D:3      | XOM: potion effect (haste)
  2930 | D:3      | XOM: potion effect (might)
  2931 | D:3      | XOM: potion effect (invisibility)
  2942 | D:3      | Reached XP level 5. HP: 12/47 MP: 5/5
  2946 | D:3      | Reached skill level 1 in Maces & Flails
  2946 | D:3      | Reached skill level 1 in Throwing
  3026 | D:3      | XOM: silly message
  3342 | D:4      | XOM: cast spell 'Cause Fear'
  3374 | D:4      | XOM: potion effect (haste)
  3577 | D:4      | XOM: noise
  3668 | D:4      | Reached XP level 6. HP: 51/53 MP: 6/6
  4145 | D:5      | Entered Level 5 of the Dungeon
  4223 | D:5      | XOM: 2-stop teleportation journey
  4237 | D:5      | Slain by an unseen horror

Illustrated notes

Levels and vault maps discovered:
D:1:      eino_arrival_water_cross, layout_loops_ring
D:2:      layout_loops_ring, hellmonk_ecumenical_altar_crossroads
D:3:      layout_basic, corexii_shack
D:4:      layout_cave_pools, chequers_serial_rivers_large_a, minivault_23
D:5:      layout_loops_ring, nicolae_gozag_cash_rules_everything_around_me,
          nicolae_overflow_squiral

Skill      XL: |  1  2  3  4  5  6 |
---------------+-------------------+-----
Fighting       | 4 |  4.7
Axes           | 4 |  4.2
Dodging        | 3 |  3.8
Maces & Flails | 1 2 |  2.5
Throwing       | 1 |  1.9

Action                   |  1- 3 |  4- 6 || total
-------------------------+-------+-------++-------
Melee: Hand axe          |   123 |       ||   123
       Tailslap          |    10 |    25 ||    35
       Whip              |     2 |   153 ||   155
Throw: Javelin           |     8 |    19 ||    27
  Use: Potion            |     2 |     4 ||     6
       Scroll            |     2 |     3 ||     5
 Stab: Sleeping          |     1 |       ||     1
       Paralysed         |     1 |       ||     1
Armor: Skin              |    58 |    53 ||   111
Dodge: Dodged            |    87 |   100 ||   187

Table legend: (Time is in decaauts)
 A = Elapsed time spent in this place.
 B = Non-inter-level travel time spent in this place.
 C = Inter-level travel time spent in this place.
 D = Time resting spent in this place.
 E = Time spent auto-exploring this place.
 F = Levels seen in this place.
 G = Mean time per level.
                   A        B        C        D        E       F      G
               +--------+--------+--------+--------+--------+-----+--------+
         Total |   4246 |   4101 |    145 |   1118 |   2200 |   5 |  849.2 |
       Dungeon |   4246 |   4101 |    145 |   1118 |   2200 |   5 |  849.2 |
               +--------+--------+--------+--------+--------+-----+--------+

Top non-repeatable levels by time:
     D:3: 1252 daAuts
     D:1: 1149 daAuts
     D:2: 946 daAuts
     D:4: 807 daAuts
     D:5: 90 daAuts
